 Dungeon Crawl Stone Soup version 0.16.2-12-gd0ad4c3 (webtiles) character file.

119 Walker517 the Chiller (level 5, -2/28 HPs)
             Began as a Gargoyle Ice Elementalist on Oct 11, 2015.
             Slain by a gnoll
             ... wielding a +2 halberd of distortion
              (4 damage)
             ... on level 3 of the Dungeon.
             The game lasted 00:49:02 (1922 turns).

Walker517 the Chiller (Gargoyle Ice Elementalist)   Turns: 1922, Time: 00:49:02

Health: -2/28      AC:  9    Str: 12    XL:     5   Next: 3%
Magic:  9/9        EV: 12    Int: 16    God:
Gold:   153        SH:  0    Dex: 10    Spells: 1 memorised, 8 levels left

rFire  . . .     SeeInvis .     C - +0 rapier
rCold  . . .     Clarity  .     d - +1 robe
rNeg   + . .     SustAb   .     (no shield)
rPois  ∞         Gourm    .     (no helmet)
rElec  +         Spirit   .     G - +1 cloak
rCorr  .         Warding  .     (no gloves)
rMut   .         Stasis   .     (no boots)
MR     .....                    r - amulet of faith {i}
Stlth  ++........               (no ring)
                                (no ring)

@: not resistant to hostile enchantments, unstealthy
A: negative energy resistance 1, electricity resistance, unbreathing,
petrification resistance, rot immunity, AC +4
a: no special abilities


You were on level 3 of the Dungeon.
You were not hungry.

You visited 1 branch of the dungeon, and saw 3 of its levels.

You collected 153 gold pieces.

Inventory:

Hand weapons
 e - a +0 club
 f - a +0 whip
 g - a +0 club
 h - a +0 club
 l - a +0 club
 m - a +0 short sword
 n - a +0 club
 p - a +0 mace
 s - a +0 dagger
 t - a +0 dagger
 u - a +0 spear
 v - a +0 whip
 B - a +0 quarterstaff
 C - a +0 rapier (weapon)
 F - a +0 whip
 J - a +0 dagger
 K - a -3 flail
Missiles
 i - 24 sling bullets
 o - 26 arrows
 q - 117 stones
 y - 6 poisoned arrows (quivered)
Armour
 a - a +0 robe
 d - a +1 robe (worn)
 x - a +0 robe
 G - a +1 cloak (worn)
 H - a +0 scale mail
 L - a +0 scale mail
Jewellery
 r - an amulet of faith (around neck) {i}
Scrolls
 D - a scroll of noise {unknown}
 E - a scroll of random uselessness {unknown}
 M - a scroll of magic mapping {unknown}
Potions
 k - a potion of curing {unknown}
 z - a potion of flight {unknown}
 A - a potion of beneficial mutation {unknown}
 I - 2 potions of haste {unknown}
Books
 b - a book of Frost

   Spells                             Type                      Level
   a - Freeze                         Ice                          1
   b - Throw Frost                    Conjuration/Ice              2
   c - Ozocubu's Armour               Charms/Ice                   3
   d - Throw Icicle                   Conjuration/Ice              4
   e - Summon Ice Beast               Ice/Summoning                4
   f - Condensation Shield            Ice                          4
Comestibles
 c - a bread ration
 j - a chunk of flesh
 w - a meat ration


   Skills:
 * Level 1.2 Throwing
 * Level 1.5 Armour
 + Level 2.0 Dodging
 + Level 2.3 Stealth
 + Level 2.7 Spellcasting
   Level 1.1 Conjurations
 + Level 4.1 Ice Magic


You had 8 spell levels left.
You knew the following spells:

 Your Spells              Type           Power        Failure   Level  Hunger
a - Freeze                Ice            ###.         4%          1    #......


Dungeon Overview and Level Annotations

Branches:
Dungeon (3/15)

Altars:
Elyvilon


Innate Abilities, Weirdness & Mutations

You are resistant to torment.
You are immune to poison.
Your stone body is very resilient (AC +4).
You resist negative energy.
You are resistant to electric shocks.
You can survive without breathing.
You are immune to petrification.
You are immune to rotting.


Message History

the human corpse of Terence; a kobold corpse The gnoll closely misses you.
Some of the chunks of flesh in your inventory have rotted away.
A rat comes into view.
Found a stone staircase leading up.
The rat misses you.
There is a stone staircase leading up here.
You puncture the rat!
You kill the rat!
You climb upwards.
There is a stone staircase leading down here.
You climb downwards.
The gnoll hits you from afar with a halberd of distortion!
* * * LOW HITPOINT WARNING * * *
Space bends around you.
* * * LOW HITPOINT WARNING * * *
There is a stone staircase leading up here.
You can't go down here!
The gnoll hits you from afar with a halberd of distortion.
You die...

##.....##### ##
#......#.....#
#....##...#.....# .?##
#...#.....# ..#
#.##>.....#
#.###..#.......#
#.....##.#.....#
#.#####..####..##.####
#....†@.g.###.##..####
#...######..#.....###.##
. ##.#..#####...# #...##
#...#
########..######÷..#
...................# .#
########..#####....# #.#
#..# ##....# ..#.. .
#..#####..#.##


You could see a gnoll.

Vanquished Creatures
  Terence (D:3)
  4 adders (D:2)
  2 worms (D:2)
  2 giant geckos
  9 bats
  2 giant cockroaches
  2 goblins (D:1)
  10 hobgoblins
  3 jackals (D:2)
  A ball python (D:1)
  3 giant newts
  6 kobolds
  5 rats
50 creatures vanquished.

Notes
Turn   | Place    | Note
--------------------------------------------------------------
     0 | D:1      | Walker517, the Gargoyle Ice Elementalist, began the quest for the Orb.
     0 | D:1      | Reached XP level 1. HP: 10/10 MP: 3/3
   152 | D:1      | Reached XP level 2. HP: 12/15 MP: 0/4
   533 | D:1      | Reached XP level 3. HP: 19/19 MP: 0/6
  1016 | D:2      | Reached XP level 4. HP: 21/24 MP: 2/8
  1147 | D:2      | Reached skill level 1 in Throwing
  1147 | D:2      | Reached skill level 1 in Armour
  1178 | D:2      | Reached skill level 4 in Ice Magic
  1717 | D:3      | Found a white marble altar of Elyvilon.
  1744 | D:3      | Noticed Terence
  1767 | D:3      | Killed Terence
  1767 | D:3      | Reached XP level 5. HP: 21/28 MP: 3/9
  1922 | D:3      | Slain by a gnoll

Action                   |  1- 3 |  4- 6 || total
-------------------------+-------+-------++-------
Melee: Whip              |    32 |    24 ||    56
       Rapier            |       |     1 ||     1
Throw: Stone             |       |     1 ||     1
 Cast: Freeze            |    39 |    42 ||    81
  Use: Scroll            |     1 |     2 ||     3
  Eat: Chunk             |     1 |     3 ||     4
